 Dungeon Crawl Stone Soup version 0.28-a0-1506-g3893175d92 (webtiles) character file.

Game seed: 9171348840570925632

38 riojii the Chopper (level 3, 31/34 HPs)
             Began as a Deep Dwarf Monk on Jan 13, 2022.
             Was a Believer of Vehumet.
             Quit the game on level 1 of the Dungeon.
             The game lasted 00:01:26 (449 turns).

riojii the Chopper (Deep Dwarf Monk)                 Turns: 449, Time: 00:01:26

Health: 31/34      AC:  6    Str: 16    XL:     3   Next: 25%
Magic:  2/2        EV: 12    Int: 10    God:    Vehumet [**....]
Gold:   118        SH:  0    Dex: 15    Spells: 2/2 levels left

rFire   . . .      SeeInvis .   a - +0 hand axe
rCold   . . .      Faith    .   (no shield)
rNeg    . . .      Spirit   .   h - +0 ring mail
rPois   .          Reflect  .   e - +1 hat
rElec   .          Harm     .   (no cloak)
rCorr   .          Rampage  .   (no gloves)
Will    .....                   (no boots)
Stlth   ++........              (no amulet)
HPRegen 0.00/turn               (no ring)
MPRegen 0.08/turn               (no ring)

@: no status effects
A: damage resistance, heal wounds, sense surroundings 1, no regeneration
a: Heal Wounds, Renounce Religion


You were on level 1 of the Dungeon.
You worshipped Vehumet.
Vehumet was pleased with you.
You visited 1 branch of the dungeon, and saw 1 of its levels.

You collected 118 gold pieces.

Inventory:

Hand Weapons
 a - a +0 hand axe (weapon)
Armour
 e - a +1 hat (worn)
 h - a +0 ring mail (worn)
Scrolls
 c - 3 scrolls of identify {unknown}
 f - a scroll of fog {unknown}
Potions
 d - a potion of magic {unknown}
 g - a potion of curing {unknown}


   Skills:
 + Level 3.0 Fighting
 + Level 3.7 Axes
 + Level 3.7 Dodging
 + Level 3.2 Stealth


You had 2 spell levels left.
You didn't know any spells.
Your spell library was empty.

Dungeon Overview and Level Annotations

Branches:
Dungeon (1/15)

Altars:
Vehumet

Shops:
D:1 (


Innate Abilities, Weirdness & Mutations

You are resistant to damage.
You can heal yourself by infusing magical energy.
You passively map a small area around you.
You do not regenerate.


Message History

You finish taking off your +0 robe.
You start putting on your armour.
You continue putting on your +0 ring mail. x5
You finish putting on your +0 ring mail.
You drop a +0 robe.
A ball python comes into view.
A rat comes into view.
There is a dry fountain here.
You hit the ball python.
The ball python is heavily wounded.
The ball python bites you. The ball python closely misses you.
You hit the ball python.
You kill the ball python!
You hit the rat.
The rat is severely wounded.
The rat closely misses you.
You hit the rat.
You kill the rat!
No target in view!
No target in view!
No target in view!
No target in view!
No target in view!
No target in view!
No target in view!
No target in view!
No target in view!
No target in view!
No target in view!
No target in view!
No target in view!
No target in view!
No target in view!
There is a faded altar of an unknown god here.
You cannot tell which god this altar belongs to.
Convert to them anyway?
Vehumet accepts your prayer! Vehumet welcomes you!
You can now gain magical power from killing.
Vehumet offers you knowledge of Freeze.
Are you sure you want to abandon this character and quit the game? (Confirm with "yes".)

,, #......# # ..## ,
#......# ##, .##...
#......# #.###....# *
# #......#
#.#..#..###.###......#
#.#.#...............#
*#..⌠...##.###....†##
#.†....##........)..
#⌠.@.⌠#**#####...###
#.....# ##.##
#..⌠..#########.#
###..###........#
##.#..)..######
#.#.....# #.......#
###[....# #.....#


There were no monsters in sight!

Vanquished Creatures
  A gnoll (D:1)
  2 dart slugs (D:1)
  A bat (D:1)
  3 endoplasms (D:1)
  A goblin (D:1)
  3 hobgoblins (D:1)
  5 ball pythons (D:1)
  3 kobolds (D:1)
  3 rats (D:1)
22 creatures vanquished.

Notes
Turn   | Place    | Note
-------+----------+-------------------------------------------
     0 | D:1      | riojii the Deep Dwarf Monk began the quest for the Orb.
     0 | D:1      | Reached XP level 1. HP: 20/20 MP: 1/1
   131 | D:1      | Reached XP level 2. HP: 14/27 MP: 2/2
   224 | D:1      | Found Apoymum's Weapon Boutique.
   405 | D:1      | Reached XP level 3. HP: 13/34 MP: 2/2
   422 | D:1      | Found a faded altar of an unknown god.
   448 | D:1      | Prayed at the altar of an unknown god.
   448 | D:1      | Became a worshipper of Vehumet
   448 | D:1      | Reached * piety under Vehumet
   448 | D:1      | Offered knowledge of Freeze by Vehumet.
   448 | D:1      | Reached ** piety under Vehumet
   449 | D:1      | Quit the game

Illustrated notes

Levels and vault maps discovered:
D:1:      ncdulo_watergridlock, layout_loops_ring, serial_shops, shop_coins,
          hellmonk_ecumenical_altar_run_dry, minivault_26

Skill      XL: |  1  2 |
---------------+-------+-----
Stealth        | 3 |  3.2
Fighting       | 3 |  3.0
Axes           | |  3.7
Dodging        | |  3.7

Action                   || total
-------------------------++-------
Melee: Hand axe          ||    68
 Abil: Heal Wounds       ||     3
 Stab: Sleeping          ||     4
Armor: Robe              ||     8
Dodge: Dodged            ||    43

Table legend: (Time is in decaauts)
 A = Elapsed time spent in this place.
 B = Non-inter-level travel time spent in this place.
 C = Inter-level travel time spent in this place.
 D = Time resting spent in this place.
 E = Time spent auto-exploring this place.
 F = Levels seen in this place.
 G = Mean time per level.
                   A        B        C        D        E       F      G
               +--------+--------+--------+--------+--------+-----+--------+
         Total |    457 |    457 |      0 |      0 |    252 |   1 |  457.0 |
       Dungeon |    457 |    457 |      0 |      0 |    252 |   1 |  457.0 |
               +--------+--------+--------+--------+--------+-----+--------+

Top non-repeatable levels by time:
     D:1: 457 daAuts
